 Dungeon Crawl Stone Soup version 0.17.0-1-g61d176b (webtiles) character file.

1474 inmateoo the Cruncher (level 9, -2/69 HPs)
             Began as a Formicid Gladiator on Nov 7, 2015.
             Was a Follower of Cheibriados.
             Slain by an orc warrior
             ... wielding a +2 flail of protection
              (17 damage)
             ... on level 7 of the Dungeon.
             The game lasted 00:08:21 (7007 turns).

inmateoo the Cruncher (Formicid Gladiator)          Turns: 7007, Time: 00:08:22

Health: -2/69      AC:  4    Str: 23    XL:     9   Next: 6%
Magic:  9/9        EV: 13    Int:  9    God:    Cheibriados [*.....]
Gold:   286        SH:  0    Dex: 16    Spells: 0 memorised, 8 levels left

rFire  . . .     SeeInvis +     a - +4 quarterstaff
rCold  . . .     Clarity  .     b - +0 leather armour
rNeg   . . .     SustAt   .     (no shield)
rPois  .         Gourm    .     (helmet unavailable)
rElec  .         Spirit   .     (no cloak)
rCorr  .         Warding  .     k - +0 pair of gloves
rMut   .         Stasis   +     (no boots)
MR     .....                    (no amulet)
Stlth  +.........               (no ring)
                                (no ring)

@: drained, very slow, not resistant to hostile enchantments, very unstealthy
A: permanent stasis, dig shafts and tunnels, four strong arms, antennae 3
a: Dig, Shaft Self, Bend Time, Renounce Religion


You were on level 7 of the Dungeon.
You worshipped Cheibriados.
Cheibriados was aware of your devotion.
You were hungry.

You visited 2 branches of the dungeon, and saw 8 of its levels.

You collected 286 gold pieces.

Inventory:

Hand Weapons
 a - a +4 quarterstaff (weapon)
Missiles
 c - 2 throwing nets (quivered)
Armour
 b - a +0 leather armour (worn)
 k - a +0 pair of gloves (worn)
Wands
 m - a wand of slowing (24)
Scrolls
 h - a scroll of magic mapping
 n - 2 scrolls of remove curse
Potions
 g - a potion of resistance {unknown}
 l - a potion of curing
 r - a potion of ambrosia
Comestibles
 d - 4 bread rations
 f - a beef jerky
 i - a chunk of flesh
 p - 2 slices of pizza
 t - a fruit


   Skills:
 + Level 6.0 Fighting
 * Level 8.1 Staves
 - Level 1.5 Throwing
 + Level 5.4(5.3) Armour
 - Level 3.0(2.9) Dodging


You had 8 spell levels left.
You didn't know any spells.

Dungeon Overview and Level Annotations

Branches:
Dungeon (7/15)             Temple (1/1) D:5

Altars:
Ashenzari
Cheibriados
Dithmenos
Makhleb
Nemelex Xobeh
Qazlal
Ru
Sif Muna
Trog
Vehumet
Yredelemnul
Zin

Shops:
D:4 *

Annotations:
D:4 Pikel
D:6 Dowan, Duvessa


Innate Abilities, Weirdness & Mutations

You are under a permanent stasis effect.
You can dig through walls and to a lower floor.
Your four strong arms can wield two-handed weapons with a shield.
You have a pair of large antennae on your head (SInv).


Message History

Formicids cannot teleport.
It was a scroll of blinking.
The orc warrior closely misses you.
Read which item? (? for menu, Esc to quit)
As you read the scroll labeled XILURUF OSHOT, it crumbles to dust.
The dust glows pale cobalt blue!
It was a scroll of random uselessness.
The orc warrior hits you with a flail of protection!
Read which item? (? for menu, Esc to quit)
As you read the scroll labeled DINEHE YGOO, it crumbles to dust.
The scroll dissolves into smoke.
It was a scroll of fog.
The orc warrior hits you with a flail of protection!!
* * * LOW HITPOINT WARNING * * *
Read which item? (? for menu, Esc to quit)
As you read the scroll labeled QEBIESCH VALO, it crumbles to dust.
You feel forgetful for a moment.
It was a scroll of amnesia.
Are you sure you want to shaft yourself?
You are feeling hungry.
The orc warrior barely misses you.
You begin to dig a shaft.
You continue digging a shaft.
The orc warrior hits you with a flail of protection!
You die...

...#......##...#.##...#######.###
..............).....###****##!#..
...#.................#*,,,*#.....
...#.................##÷,{*#.....
#######..............##.,,*##.###
#≈≈≈≈≈*.............##*.#** #.#
#≈≈,≈≈*.....#.§§#§### *#.* #.#
+,,∩,≈*,.#####§§§§####*#.## #.##
#≈≈,≈≈*,,..##..#@§§.#.###.###).##
*≈≈≈≈≈*,,...(.#o###......÷.......
*******,......oo{######...##.....
,,,,,,,,...##..o{.o.###...##.....
,,,,,,,,,,,*##...##.......##.....
*,,,,,,,,,,**#...###.#....##.....
*,,,,,,,,,,,.....#*##.#...#######
**,,,,,,,,*###...o,{###..........
,,,,,,,,,,,**#...##....#.#.....%.


You could see an orc warrior, an orc wizard and an orc.

Vanquished Creatures
  Grinder (D:4)
  A two-headed ogre (D:5)
  A slave (D:4)
  A centaur (D:5)
  An ice beast (D:5)
  An ogre (D:7)
  The ghost of inmateoo the Twirler, an amateur FoGl (D:3)
  3 scorpions
  3 wights (D:7)
  An orc priest (D:5)
  Ijyb (D:3)
  3 hounds
  A giant frog skeleton (D:5)
  4 worker ants
  An orc wizard (D:5)
  A hound skeleton (D:5)
  7 adders
  An ooze (D:3)
  An adder skeleton (D:4)
  3 worms
  4 giant geckos
  4 orcs
  8 bats
  6 giant cockroaches
  5 hobgoblins
  4 jackals
  9 kobolds
  2 quokkas (D:5)
  2 ball pythons
  6 giant newts
  8 goblins
  A quokka skeleton (D:5)
  11 rats
107 creatures vanquished.

Notes
Turn   | Place    | Note
--------------------------------------------------------------
     0 | D:1      | inmateoo the Formicid Gladiator began the quest for the Orb.
     0 | D:1      | Reached XP level 1. HP: 16/16 MP: 1/1
    28 | D:1      | Reached XP level 2. HP: 9/23 MP: 2/2
   825 | D:1      | Reached XP level 3. HP: 26/28 MP: 3/3
   926 | D:2      | Reached skill level 1 in Armour
   943 | D:2      | Reached XP level 4. HP: 29/34 MP: 4/4
  1360 | D:2      | Reached skill level 4 in Staves
  1620 | D:2      | Found a sacrificial altar of Ru.
  1866 | D:3      | Found a sparkling altar of Nemelex Xobeh.
  1868 | D:3      | Found a shadowy altar of Dithmenos.
  1952 | D:3      | Found a sacrificial altar of Ru.
  1970 | D:3      | Noticed Ijyb
  1983 | D:3      | Reached XP level 5. HP: 32/41 MP: 5/5
  1991 | D:3      | Killed Ijyb
  2204 | D:3      | Noticed inmateoo's ghost (amateur FoGl)
  2216 | D:3      | Killed inmateoo's ghost
  2216 | D:3      | Reached XP level 6. HP: 14/47 MP: 6/6
  2501 | D:3      | Reached skill level 5 in Staves
  3693 | D:4      | Noticed a slave
  3723 | D:4      | Killed a slave
  3912 | D:4      | Found Duiganeof's General Store.
  3912 | D:4      | Noticed Grinder
  3930 | D:4      | Killed Grinder
  3930 | D:4      | Reached skill level 6 in Staves
  3930 | D:4      | Reached XP level 7. HP: 31/55 MP: 7/7
  4144 | D:5      | Entered Level 5 of the Dungeon
  4144 | D:5      | Noticed a two-headed ogre
  4170 | D:4      | Noticed Pikel
  4581 | D:5      | Killed a two-headed ogre
  4581 | D:5      | Reached skill level 5 in Fighting
  4581 | D:5      | Reached XP level 8. HP: 60/62 MP: 8/8
  4624 | D:5      | Found a staircase to the Ecumenical Temple.
  4647 | Temple   | Entered the Ecumenical Temple
  4655 | Temple   | Became a worshipper of Cheibriados the Contemplative
  4712 | D:5      | Found a shadowy altar of Dithmenos.
  4912 | D:5      | Reached skill level 7 in Staves
  5850 | D:6      | Noticed Dowan
  5851 | D:6      | Noticed Duvessa
  6462 | D:7      | Reached * piety under Cheibriados
  6526 | D:7      | Reached skill level 5 in Armour
  6825 | D:7      | Reached skill level 8 in Staves
  6825 | D:7      | Reached XP level 9. HP: 45/69 MP: 9/9
  7007 | D:7      | Slain by an orc warrior

Action                   |  1- 3 |  4- 6 |  7- 9 || total
-------------------------+-------+-------+-------++-------
Melee: Quarterstaff      |    67 |   217 |   148 ||   432
Throw: Throwing net      |       |     6 |     7 ||    13
 Abil: Dig               |       |     3 |     5 ||     8
       Shaft Self        |       |       |     1 ||     1
  Use: Scroll            |       |       |    15 ||    15
       Potion            |       |       |     2 ||     2
 Stab: Held in net/web   |       |     1 |     1 ||     2
       Sleeping          |       |     1 |     1 ||     2
  Eat: Chunk             |       |     9 |     6 ||    15
       Fruit             |       |     1 |     3 ||     4
       Pizza             |       |       |     1 ||     1
